 Dungeon Sprint DCSS version 0.26-a0-663-g36e8fdb655 (webtiles) character file.

Game seed: 5599664050228955001

645 Conn the Thaumaturge (level 10, -2/63 HPs)
             Began as an Octopode Hedge Wizard on Oct 11, 2020.
             Was the Champion of Vehumet.
             Killed from afar by an air elemental (10 damage)
             ... with a tornado
             ... in the Dungeon (Sprint VI: "Thunderdome").
             The game lasted 00:38:12 (1494 turns).

Conn the Thaumaturge (Octopode Hedge Wizard)        Turns: 1494, Time: 00:38:12

Health: -2/63      AC:  1    Str: 27    XL:     10   Next: 57%
Magic:  25/34      EV: 19    Int: 40    God:    Vehumet [******]
Gold:   364        SH:  5    Dex: 11    Spells: 12/32 levels left

rFire    + . .     SeeInvis .   u - +0 battleaxe (venom)
rCold    + + +     Faith    .   (shield currently unavailable)
rNeg     + . .     Spirit   .   b - +0 hat
rPois    +         Reflect  +   o - amulet of Riozuirgh {Reflect rC+ SH+5}
rElec    +         Harm     .   n - ring "Umoir" {rElec MP+9}
rCorr    .         Rampage  .   p - ring of Thoughtfulness {+Fly Int+8 Dex-3}
MR       .....     NoTele   +   q - ring "Pona" {rF+ Str+7 Int+3}
Stlth    +++++.....             s - ring of Efris {*Contam rElec rC+ rN+ Stlth+}
HPRegen  0.20/turn              t - ring "Ydwuz" {*Corrode rPois EV+4 Str+10 Dex+3}
MPRegen  0.24/turn              j - ring of Happiness {rC+ Int+6 Slay+2}
                                v - ring "Jopsonur" {rC+ Int+3}
                                (no ring)

@: flying (expiring)
A: almost no armour, stealthy swim, amphibious, 8 rings, constrict 8, camouflage
1, gelatinous body 1
}: 1/15 runes: decaying
a: Renounce Religion


You were in the Dungeon.
You worshipped Vehumet.
Vehumet was exalted by your worship.
You visited 1 branch You collected 1060 gold pieces.
You spent 696 gold pieces at shops.

Inventory:

Hand Weapons
 a - a +0 dagger
 m - a +0 short sword
 r - a +3 mace
 u - a +0 battleaxe of venom (weapon)
Armour
 b - a +0 hat (worn)
Jewellery
 j - the ring of Happiness (on tentacle) {rC+ Int+6 Slay+2}
   (You bought it in a shop in the Dungeon)

   [ring of intelligence]

   It affects your intelligence (+6).
   It affects your accuracy and damage with ranged weapons and melee attacks
   (+2).
   It protects you from cold.
 n - the ring "Umoir" (left tentacle) {rElec MP+9}
   (You bought it in a shop in the Dungeon)

   [ring of magical power]

   It insulates you from electricity.
   It affects your magic capacity (+9).
 o - the amulet of Riozuirgh (around mantle) {Reflect rC+ SH+5}
   (You bought it in a shop in the Dungeon)

   [amulet of reflection]

   It shields you and reflects attacks.
   It protects you from cold.
   It affects your SH (+5).
 p - the ring of Thoughtfulness (right tentacle) {+Fly Int+8 Dex-3}
   (You bought it in a shop in the Dungeon)

   [ring of flight]

   It affects your intelligence (+8).
   It affects your dexterity (-3).
   It lets you fly.
 q - the ring "Pona" (on tentacle) {rF+ Str+7 Int+3}
   (You bought it in a shop in the Dungeon)

   [ring of protection from fire]

   It affects your strength (+7).
   It affects your intelligence (+3).
   It protects you from fire.
 s - the ring of Efris (on tentacle) {*Contam rElec rC+ rN+ Stlth+}
   (You bought it in a shop in the Dungeon)

   [ring of stealth]

   It protects you from cold.
   It insulates you from electricity.
   It protects you from negative energy.
   It causes magical contamination when unequipped.
   It makes you more stealthy.
 t - the ring "Ydwuz" (on tentacle) {*Corrode rPois EV+4 Str+10 Dex+3}
   (You bought it in a shop in the Dungeon)

   [ring of evasion]

   It affects your evasion (+4).
   It affects your strength (+10).
   It affects your dexterity (+3).
   It protects you from poison.
   It may corrode you when you take damage.
 v - the ring "Jopsonur" (on tentacle) {rC+ Int+3}
   (You bought it in a shop in the Dungeon)

   [ring of protection from cold]

   It affects your intelligence (+3).
   It protects you from cold.
Wands
 c - a wand of acid (1)
Scrolls
 i - 2 scrolls of blinking
 k - 3 scrolls of fog
Potions
 d - a potion of curing
 f - 2 potions of haste
 g - 6 potions of magic
 h - a potion of flight {unknown}
 l - a potion of resistance


   Skills:
 + Level 3.7 Fighting
 + Level 3.3 Short Blades
 + Level 6.6(6.7) Axes
 + Level 1.0(4.2) Maces & Flails
 + Level 5.7 Dodging
 - Level 5.7 Stealth
 + Level 11.9 Spellcasting
 * Level 9.1 Conjurations
 + Level 5.6 Summonings
 - Level 7.3 Translocations
 * Level 9.4 Fire Magic
 + Level 4.7 Ice Magic
 - Level 5.2 Air Magic
 - Level 6.1 Poison Magic
 + Level 3.1 Evocations


You had 12 spell levels left.
You knew the following spells:

 Your Spells              Type           Power        Failure   Level
a - Magic Dart            Conj           ####         1%          1
b - Blink                 Tloc           N/A          1%          2
c - Call Imp              Summ           ######..     1%          2
d - Conjure Flame         Conj/Fire      #######.     1%          3
e - Mephitic Cloud        Conj/Pois/Air  ######..     1%          3
f - Freeze                Ice            ####         1%          1
g - Foxfire               Conj/Fire      ####         1%          1
h - Frozen Ramparts       Ice            ######       1%          3
i - Hailstorm             Conj/Ice       ######..     1%          4

Your spell library contained the following spells:

 Spells                   Type           Power        Failure   Level
 Fireball                 Conj/Fire      #######...   1%          5
 Slow                     Hex            ###.....     2%          2


Dungeon Overview and Level Annotations

Branches:
Dungeon (1/1)

Altars:
Cheibriados
Dithmenos
Fedhas
Gozag
Kikubaaqudgha
Makhleb
Okawaru
Qazlal
Ru
Sif Muna
Trog
Uskayaw
Vehumet
Wu Jian
Xom
Yredelemnul
Zin
The Shining One
Beogh
Jiyva
Lugonu

Shops:
D *[??*?*:[((!!!!


Innate Abilities, Weirdness & Mutations

You cannot wear most types of armour.
You are very stealthy in the water. (Stealth+)
You are amphibious.
You can wear up to eight rings at the same time.
You can use your tentacles to constrict eight enemies at once.
Your skin changes colour to match your surroundings (Stealth+).
Your rubbery body absorbs attacks. (AC +1, EV +1)


Message History

Casting: Magic Dart (safe; 1% risk of failure)
Confirm with . or Enter, or press ? or * to list all spells.
Okay, then.
You feel much better.
Unknown command.
Casting: Magic Dart (safe; 1% risk of failure)
Confirm with . or Enter, or press ? or * to list all spells.
Okay, then.
A vortex of raging winds appears around the air elemental!
You barely miss the air elemental. Your squeeze misses the air elemental.
The vortex of raging winds lifts you up.
You fly up into the air.
The air elemental hits you. The air elemental hits you!
* * * LOW HITPOINT WARNING * * *
You block the air elemental's attack. The air elemental misses you.
Marking area around a lightning spire as unsafe for travelling.
A lightning spire comes into view.
You closely miss the air elemental.
You are engulfed in raging winds.
* * * LOW HITPOINT WARNING * * *
You die...

#........_# #_...[..._#
###†.[[.)...##
#⌠.).........⌠
######.8.........8.
##§§§§....†.###.....
###§§§§§....8.# #.8[..
##§§§§§§§......###.[...
#⌠§§§E@§§...###...###.[
#⌠§§§§§§§.[.# #.<.# #..
#⌠§§§§§§§...###...###..
##§§§§§§§......###.....
###∩.....(†.8.# #.8...
##∩___[.....###..[..
######.8.....[...8.
#8.........[.⌠
###.........##


You could see an air elemental and a lightning spire (unaware).

Vanquished Creatures
  A hydra (D)
  An alligator (D)
  A cane toad (D)
  6 queen bees (D)
  A slime creature (D)
  A bog body (D)
  2 steam dragons (D)
  6 orc warriors (D)
  A swamp drake (D)
  A phantom (D)
  3 sky beasts (D)
  A big kobold (D)
  9 killer bees (D)
  A wight (D)
  6 orc priests (D)
  Ijyb (D)
  2 lightning spires (D)
  An adder zombie (D)
  A bat zombie (D)
  2 hobgoblins (D)
  A kobold (D)
49 creatures vanquished.

Vanquished Creatures (collateral kills)
  A necrophage (D)
  A big kobold (D)
2 creatures vanquished.

Vanquished Creatures (others)
  81 foxfires (D)
81 creatures vanquished.

Grand Total: 132 creatures vanquished

Notes
Turn   | Place    | Note
-------+----------+-------------------------------------------
     0 | D        | Conn the Octopode Hedge Wizard began the quest for the Orb.
     0 | D        | Reached XP level 1. HP: 11/11 MP: 4/4
     1 | D        | Found a roughly hewn altar of Beogh.
     1 | D        | Found a bloodstained altar of Trog.
     2 | D        | Found a shimmering altar of Xom.
     2 | D        | Found an iron altar of Okawaru.
     3 | D        | Found a glowing golden altar of the Shining One.
     3 | D        | Found a viscous altar of Jiyva.
     4 | D        | Found Heoheal's Identification Station.
     4 | D        | Found a basalt altar of Yredelemnul.
     5 | D        | Found Ceetzaih's Advanced Armour.
     5 | D        | Found Hiabul's Jewellery.
     5 | D        | Round 1.
     7 | D        | Noticed Ijyb
    25 | D        | Killed Ijyb
    25 | D        | Reached skill level 5 in Spellcasting
    25 | D        | Reached XP level 2. HP: 17/17 MP: 1/8
    25 | D        | Reached XP level 3. HP: 21/21 MP: 1/9
    39 | D        | Noticed a big kobold
    44 | D        | Bought a faintly glowing jade ring for 45 gold pieces
    44 | D        | Bought a warped platinum amulet for 45 gold pieces
    44 | D        | Bought a fine platinum ring for 45 gold pieces
    44 | D        | Bought a brightly glowing wooden ring for 45 gold pieces
    44 | D        | Identified the ring "Umoir" {rElec MP+9} (You bought it in
                  | a shop in the Dungeon)
    50 | D        | Identified the amulet of Riozuirgh {Reflect rC+ SH+5} (You
                  | bought it in a shop in the Dungeon)
    50 | D        | Identified the ring of Thoughtfulness {+Fly Int+8 Dex-3}
                  | (You bought it in a shop in the Dungeon)
    51 | D        | Identified the ring "Pona" {rF+ Str+7 Int+3} (You bought it
                  | in a shop in the Dungeon)
    53 | D        | Found a stormy altar of Qazlal.
    54 | D        | Noticed a big kobold
    60 | D        | Killed a big kobold
    60 | D        | Reached skill level 1 in Short Blades
    60 | D        | Reached skill level 7 in Spellcasting
    60 | D        | Reached skill level 1 in Evocations
    60 | D        | Reached XP level 4. HP: 23/27 MP: 3/13
    64 | D        | Learned a level 2 spell: Blink
    67 | D        | Learned a level 2 spell: Call Imp
    71 | D        | Learned a level 3 spell: Conjure Flame
    75 | D        | Learned a level 3 spell: Mephitic Cloud
    80 | D        | Killed a big kobold
    80 | D        | Reached skill level 1 in Fire Magic
    80 | D        | Reached skill level 1 in Air Magic
    80 | D        | Reached skill level 1 in Poison Magic
    80 | D        | Reached XP level 5. HP: 24/31 MP: 1/15
    85 | D        | Found a glowing silver altar of Zin.
    85 | D        | Found Erucsurr's Magic Scroll Shop.
    86 | D        | Found Reduo's Magic Scroll Shop.
    86 | D        | Found Pinlejae's Must-Have Magic.
    87 | D        | Found a corrupted altar of Lugonu.
    87 | D        | Found a snail-covered altar of Cheibriados.
    87 | D        | Found a hide-covered altar of Uskayaw.
    87 | D        | Found Tucit's Staff Store.
    93 | D        | Found a shimmering blue altar of Sif Muna.
    94 | D        | Found a blossoming altar of Fedhas.
    95 | D        | Found an ornate altar of the Wu Jian Council.
    96 | D        | Found Baleblatz's Distillery.
    97 | D        | Found Uttenoxt's Distillery.
    97 | D        | Found Hugyel's Bottled Wisdom.
    98 | D        | Found an opulent altar of Gozag.
    98 | D        | Found an ancient bone altar of Kikubaaqudgha.
    98 | D        | Found a sacrificial altar of Ru.
    98 | D        | Found Xumesm's Do-It-Yourself Clinic.
   100 | D        | Arena points: 14 (+14) [x2]
   110 | D        | Found a burning altar of Makhleb.
   111 | D        | Found a shadowy altar of Dithmenos.
   112 | D        | Found a radiant altar of Vehumet.
   113 | D        | Found Ytuof's Weapon Rack.
   114 | D        | Found Ketaledi's Basic Armour.
   114 | D        | Found Jupo's Miscellaneous Merchandise.
   115 | D        | Found Wibbomm's Premium Goods.
   120 | D        | Became a worshipper of Vehumet
   158 | D        | Round 2.
   204 | D        | Noticed a necrophage
   221 | D        | Reached skill level 8 in Spellcasting
   224 | D        | Killed a necrophage
   224 | D        | Reached * piety under Vehumet
   224 | D        | Offered knowledge of Freeze by Vehumet.
   224 | D        | Reached skill level 5 in Stealth
   224 | D        | Reached XP level 6. HP: 16/36 MP: 3/17
   227 | D        | Learned a level 1 spell: Freeze
   240 | D        | Noticed a phantom
   255 | D        | Killed a phantom
   257 | D        | Arena points: 50 (+36) [x3]
   266 | D        | Bought a faintly glowing platinum ring for 45 gold pieces
   266 | D        | Bought a translucent tin ring for 45 gold pieces
   267 | D        | Identified the ring of Efris {*Contam rElec rC+ rN+ Stlth+}
                  | (You bought it in a shop in the Dungeon)
   268 | D        | Identified the ring "Ydwuz" {*Corrode rPois EV+4 Str+10
                  | Dex+3} (You bought it in a shop in the Dungeon)
   291 | D        | Round 3.
   316 | D        | Noticed an orc warrior
   332 | D        | Killed an orc warrior
   332 | D        | Reached ** piety under Vehumet
   332 | D        | Offered knowledge of Foxfire by Vehumet.
   332 | D        | Reached skill level 1 in Fighting
   358 | D        | Noticed an orc warrior
   363 | D        | Noticed an orc warrior
   365 | D        | Killed an orc warrior
   365 | D        | Reached skill level 9 in Spellcasting
   365 | D        | Reached XP level 7. HP: 30/43 MP: 11/19
   385 | D        | Reached skill level 5 in Poison Magic
   405 | D        | Reached *** piety under Vehumet
   405 | D        | Reached skill level 1 in Axes
   405 | D        | Reached skill level 5 in Translocations
   405 | D        | Reached skill level 5 in Fire Magic
   406 | D        | Arena points: 134 (+84) [x4]
   406 | D        | Reached skill level 1 in Maces & Flails
   406 | D        | Reached XP level 8. HP: 42/49 MP: 15/21
   466 | D        | Round 4.
   474 | D        | Learned a level 1 spell: Foxfire
   483 | D        | Offered knowledge of Frozen Ramparts by Vehumet.
   483 | D        | Reached skill level 5 in Air Magic
   500 | D        | Reached skill level 5 in Conjurations
   528 | D        | Reached **** piety under Vehumet
   568 | D        | Arena points: 274 (+140) [x5]
   589 | D        | Round 5.
   616 | D        | Learned a level 3 spell: Frozen Ramparts
   627 | D        | Noticed the 27-headed Lernaean hydra
   632 | D        | Offered knowledge of Olgreb's Toxic Radiance by Vehumet.
   632 | D        | Reached skill level 1 in Ice Magic
   638 | D        | Noticed a bog body
   647 | D        | Noticed an eight-headed hydra
   675 | D        | Noticed an alligator
   712 | D        | Killed a bog body
   712 | D        | Reached ***** piety under Vehumet
   713 | D        | Noticed a cane toad
   714 | D        | Noticed a slime creature
   728 | D        | Killed a cane toad
   728 | D        | Reached skill level 10 in Spellcasting
   735 | D        | Killed an eight-headed hydra
   735 | D        | Reached skill level 5 in Summonings
   735 | D        | Reached XP level 9. HP: 32/55 MP: 1/23
   739 | D        | Killed an alligator
   739 | D        | Reached skill level 11 in Spellcasting
   767 | D        | Arena points: 309 (+35) [x1]
   768 | D        | Got a decaying rune of Zot
   830 | D        | Bought 6 potions of magic for 336 gold pieces
   980 | D        | Round 6.
   985 | D        | Offered knowledge of Hailstorm by Vehumet.
  1078 | D        | Reached XP level 10. HP: 34/61 MP: 25/25
  1107 | D        | Reached ****** piety under Vehumet
  1145 | D        | Arena points: 405 (+96) [x2]
  1159 | D        | Learned a level 4 spell: Hailstorm
  1163 | D        | Bought a wavering lead ring for 45 gold pieces
  1163 | D        | Round 7.
  1164 | D        | Identified the ring of Happiness {rC+ Int+6 Slay+2} (You
                  | bought it in a shop in the Dungeon)
  1180 | D        | Offered knowledge of Sticky Flame by Vehumet.
  1190 | D        | Reached skill level 5 in Dodging
  1191 | D        | Reached skill level 5 in Axes
  1236 | D        | Arena points: 573 (+168) [x3]
  1306 | D        | Round 8.
  1354 | D        | Offered knowledge of Fireball by Vehumet.
  1369 | D        | Noticed an oklob plant
  1464 | D        | Arena points: 645 (+72) [x1]
  1479 | D        | Round 9.
  1482 | D        | Bought a glittering jade ring for 45 gold pieces
  1483 | D        | Identified the ring "Jopsonur" {rC+ Int+3} (You bought it
                  | in a shop in the Dungeon)
  1494 | D        | Killed from afar by an air elemental

Illustrated notes

Levels and vault maps discovered:
D:        arena_sprint

Skill      XL: |  1  2  3  4  5  6  7  8  9 10 |
---------------+-------------------------------+-----
Stealth        | 3 4 5 |  5.7
Spellcasting   | 5 7 8 9 10 11 | 11.9
Short Blades   | 1 2 3 |  3.3
Dodging        | 3 4 5 |  5.7
Evocations     | 1 2 3 |  3.1
Fire Magic     | 1 2 4 5 6 8 9 |  9.4
Air Magic      | 1 2 3 4 5 |  5.2
Poison Magic   | 1 3 4 5 6 |  6.1
Conjurations   | 3 4 6 7 9 |  9.1
Translocations | 2 4 5 6 7 |  7.3
Summonings     | 2 3 5 |  5.6
Fighting       | 1 2 3 |  3.7
Axes           | 1 3 4 6 |  6.6
Maces & Flails | 1 |  1.0
Ice Magic      | 3 4 |  4.7

Action                   |  1- 3 |  4- 6 |  7- 9 | 10-12 || total
-------------------------+-------+-------+-------+-------++-------
Melee: Dagger            |     4 |       |       |       ||     4
       Short sword       |       |     9 |       |       ||     9
       Constrict         |       |     7 |     8 |    12 ||    27
       Tentacles         |       |     2 |    12 |     9 ||    23
       Mace              |       |     6 |       |       ||     6
       Battleaxe         |       |     2 |    46 |    29 ||    77
 Cast: Magic Dart        |     6 |    16 |    13 |    14 ||    49
       Call Imp          |       |     7 |    16 |       ||    23
       Blink             |       |     6 |     6 |       ||    12
       Mephitic Cloud    |       |     3 |    11 |     9 ||    23
       Conjure Flame     |       |       |     3 |       ||     3
       Frozen Ramparts   |       |       |     5 |       ||     5
       Foxfire           |       |       |    10 |    35 ||    45
       Freeze            |       |       |     3 |       ||     3
Evoke: Wand              |     4 |     1 |     3 |     1 ||     9
  Use: Potion            |     2 |       |     5 |     2 ||     9
       Scroll            |       |       |     2 |       ||     2
 Stab: Distracted        |       |     1 |     1 |       ||     2
       Confused          |       |       |     3 |     3 ||     6
Armor: Skin              |     1 |       |       |       ||     1
Dodge: Dodged            |     7 |     7 |    32 |    18 ||    64
Block: Other             |       |     2 |    10 |     6 ||    18

Table legend: (Time is in decaauts)
 A = Elapsed time spent in this place.
 B = Non-inter-level travel time spent in this place.
 C = Inter-level travel time spent in this place.
 D = Time resting spent in this place.
 E = Time spent auto-exploring this place.
 F = Levels seen in this place.
 G = Mean time per level.
                   A        B        C        D        E       F      G
               +--------+--------+--------+--------+--------+-----+--------+
         Total |   1507 |   1507 |      0 |    130 |      0 |   1 | 1507.0 |
       Dungeon |   1507 |   1507 |      0 |    130 |      0 |   1 | 1507.0 |
               +--------+--------+--------+--------+--------+-----+--------+

Top non-repeatable levels by time:
       D: 1507 daAuts
